 Dungeon Crawl Stone Soup version 0.30-a0-1018-g25214051b3 (webtiles) character file.

Game seed: 11378919035168320808

10017 Pimp the Fighter (level 11, 0/129 HPs)
             Began as a Demonspawn Fighter on Apr 7, 2023.
             Was an Initiate of Gozag.
             Slain by a two-headed ogre
             ... wielding a +0 giant club
              (2 damage)
             ... on level 11 of the Dungeon.
             The game lasted 00:18:10 (8670 turns).

Pimp the Fighter (Demonspawn Fighter)               Turns: 8670, Time: 00:18:11

Health: 0/129      AC: 28    Str: 16    XL:     11   Next: 30%
Magic:  18/18      EV:  2    Int: 17    God:    Gozag
Gold:   1525       SH:  8    Dex: 13    Spells: 12/19 levels left

rFire   + + .      SeeInvis .    a - +4 war axe (spect)
rCold   . . .      Faith    .    v - +2 buckler {AC+3}
rNeg    . . .      Spirit   .    s - melded +4 scale mail {rF+}
rPois   +          Reflect  .    r - melded +0 helmet
rElec   +          Rampage  .    K - melded scarf {repulsion}
rCorr   +          NoTele   +    (gloves currently unavailable)
Will    .....                    (boots unavailable)
Stlth   +                        H - amulet of regeneration
HPRegen 1.21/turn                i - +4 ring of slaying
MPRegen 0.16/turn                l - ring "Sumiv" {Fire Int+3 Slay+3}

@: mighty, tree-form, resistant, gold aura, slowed, very slow
A: stationary, stasis, torment immunity, boosted hp, (hooves 3), powered by pain
2, demonic magic 2
a: Renounce Religion, Potion Petition, Call Merchant, Bribe Branch


You were on level 11 of the Dungeon.
You worshipped Gozag.
Gozag was most pleased with you.
You were a tree.
You visited 1 branch of the dungeon, and saw 11 of its levels.
You also visited: Ossuary.

You collected 2099 gold pieces.
You spent 528 gold pieces at shops.
You paid 46 gold pieces to Gozag.

Inventory:

Hand Weapons
 a - a +4 spectral war axe (weapon)
Missiles
 M - a throwing net (quivered)
Armour
 b - a +0 scale mail
 c - a +0 buckler
 o - a +2 pair of boots
 r - a +0 helmet (melded)
 s - a +4 scale mail of fire resistance (melded)
 v - a +2 buckler of protection (worn)
 G - a +0 cloak
 K - a scarf of repulsion (melded)
Magical Staves
 h - a staff of death
Jewellery
 i - a +4 ring of slaying (left branch)
 l - the ring "Sumiv" (right branch) {Fire Int+3 Slay+3}
   (You found it on level 4 of the Dungeon)

   [ring of fire]

   It enhances your fire magic.
   Int:       It affects your intelligence (+3).
   Slay:      It affects your accuracy & damage with ranged weapons and melee
   (+3).
   rF:        It protects you from fire.
   rC:        It makes you vulnerable to cold.
 w - a ring of ice
 F - an amulet of magic regeneration
 H - an amulet of regeneration (around neck)
Wands
 d - a wand of polymorph (20)
 q - a wand of acid (18)
 I - a wand of mindburst (25)
 J - a wand of paralysis (5)
 L - a wand of flame (6)
Scrolls
 k - 2 scrolls of fog
 p - 4 scrolls of identify
 t - a scroll of poison
 x - 4 scrolls of immolation
 y - 3 scrolls of teleportation
 D - a scroll of amnesia
Potions
 e - a potion of resistance
 f - a potion of mutation {unknown}
 g - a potion of ambrosia {unknown}
 j - 2 potions of flight
 m - 7 potions of curing
 n - 4 potions of lignification
 u - 4 potions of attraction
 z - 5 potions of might
 A - 4 potions of degeneration
 B - a potion of brilliance {unknown}
 E - a potion of haste {unknown}


   Skills:
 + Level 8.2 Fighting
 + Level 7.2 Axes
 + Level 7.5 Armour
 + Level 7.5 Shields
 + Level 4.8 Spellcasting
 + Level 5.1 Summonings
 + Level 5.8 Necromancy


You had 12 spell levels left.
You knew the following spells:

 Your Spells              Type           Power      Damage    Failure   Level
a - Haunt                 Necr/Summ      11%        N/A       100%        7

Your spell library contained the following spells:

 Spells                   Type           Power      Damage    Failure   Level
 Summon Small Mammal      Summ           84%        N/A       2%          1
 Call Canine Familiar     Summ           21%        N/A       6%          3
 Foxfire                  Conj/Fire      24%        2x1d5     19%         1
 Freeze                   Ice            16%        1d4       19%         1
 Shock                    Conj/Air       16%        1d4       19%         1
 Summon Guardian Golem    Hex/Summ       12%        N/A       19%         3
 Lesser Beckoning         Tloc           8%         N/A       26%         2
 Poisonous Vapours        Pois/Air       8%         N/A       26%         2
 Frozen Ramparts          Ice            8%         1d2       47%         3
 Gell's Gravitas          Tloc           4%         N/A       47%         3
 Hailstorm                Conj/Ice       4%         3d4       47%         3
 Mephitic Cloud           Conj/Pois/Air  4%         N/A       47%         3
 Swiftness                Air            4%         N/A       47%         3
 Teleport Other           Tloc           4%         N/A       47%         3
 Airstrike                Air            2%         2d(1-17)  87%         4
 Petrify                  Tmut/Erth      4%         N/A       87%         4
 Fireball                 Conj/Fire      3%         3d4       99%         5
 Metabolic Englaciation   Hex/Ice        2%         N/A       99%         5
 Plasma Beam              Fire/Air       3%         2x1d14    100%        6
 Starburst                Conj/Fire      3%         6d3       100%        6
 Statue Form              Tmut/Erth      2%         N/A       100%        6
 Infestation              Necr           11%        N/A       100%        8


Dungeon Overview and Level Annotations

Branches:
Dungeon (11/15)            Temple (0/1) D:7            Lair (0/5) D:11
Ossuary (visited)
    Orc: D:9-12

Altars:
Cheibriados
Dithmenos
Fedhas
Gozag
Kikubaaqudgha
Nemelex Xobeh
Okawaru
Ru
Sif Muna
Uskayaw
Wu Jian
Xom
Yredelemnul

Shops:
D:1 :   D:9 *


Innate Abilities, Weirdness & Mutations

You are a tree.
Your roots penetrate the ground, keeping you stationary.
You cannot be teleported.
You are immune to unholy pain and torment.
Your maximum health is greatly increased.
Your equipment is partially melded.
((You have hooves in place of feet.))
You sometimes gain power by taking damage.
Spells you cast may paralyse nearby enemies.


Message History

You hit the wraith but do no damage. You barely miss the cyclops.
You slash the two-headed ogre! The wraith barely misses you.
The cyclops hits you!! The cyclops closely misses you.
The two-headed ogre hits you with a +0 giant club!
The two-headed ogre hits you but does no damage.
You slash the cyclops! You kick the cyclops!
The cyclops is severely wounded.
You hit the wraith. You hit the cyclops. You hit the two-headed ogre.
The wraith closely misses you.
A troll comes into view.
The cyclops hits you but does no damage. x2
You feel protected. You block the two-headed ogre's attack.
The two-headed ogre hits you but does no damage.
The wraith barely misses you. The cyclops hits you!
* * * LOW HITPOINT WARNING * * *
You feel much better. The wraith hits you! The wraith drains your vigour!
You feel yourself slow down. You block the cyclops's attack.
The two-headed ogre hits you with a +0 giant club!!
* * * LOW HITPOINT WARNING * * *
You focus on the pain.
You feel very mighty all of a sudden.
The two-headed ogre hits you with a +0 giant spiked club!
* * * LOW HITPOINT WARNING * * *
Okay, then.
Okay, then.
You turn into a tree.
Your scarf of repulsion melds into your body.
Your +0 helmet melds into your body.
Your +4 scale mail of fire resistance melds into your body.
The haze of the repulsion field disappears.
You feel less resistant to fire.
Your roots penetrate the ground.
You block the wraith's attack. The cyclops barely misses you.
The cyclops hits you but does no damage.
The wraith hits you but does no damage.
The two-headed ogre hits you with a +0 giant club.
* * * LOW HITPOINT WARNING * * *
The two-headed ogre hits you with a +0 giant spiked club.
You die...
Your body crumbles into a pile of gold.

.........# ....
.........# #....
.........###..)##
................###
.......~~.......#.#.....
..................#.....
.....~WO§$$$#.#.........
......C♣.$$.$.......#...
...#..C.###$..#.#....~..
#.T... ##.#.#........
........##...###.......
.........#.....#..#....<
..#.........>$....#...#.
.............$.#..#.....
.......##....###.......
......#...#.......##


You could see a two-headed ogre, 2 cyclopes, a troll and a wraith.

Vanquished Creatures
  2 two-headed ogres
  Amaemon (D:8)
  Pikel (D:9)
  Joseph (D:8)
  An orange demon (D:8)
  Psyche (D:8)
  A rime drake (D:11)
  2 hornets
  A troll (D:11)
  A shadow (D:10)
  5 yaks (D:10)
  2 wraiths (Ossuary)
  A wyvern (D:8)
  2 steam dragons
  A vampire mosquito (D:11)
  An acid dragon (D:9)
  Edmund (D:4)
  3 water moccasins
  4 ice beasts
  4 orc warriors
  2 black bears
  A wolf (D:11)
  2 ogres (D:5)
  A lemure (D:9)
  7 centaurs
  2 kobold brigands
  Blork the orc (D:6)
  4 bullfrogs
  2 gnoll sergeants
  4 scorpions
  A wight (Ossuary)
  6 killer bees (D:9)
  4 howler monkeys
  A centaur zombie (Ossuary)
  2 jellies
  2 gnoll boudas
  3 orc priests
  Crazy Yiuf (D:6)
  2 iguanas (D:6)
  9 orc wizards
  A sleepcap (D:4)
  19 gnolls
  5 adders
  2 adder zombies (Ossuary)
  3 worms
  3 dart slugs
  41 orcs
  7 endoplasms
  3 giant cockroaches
  5 goblins
  5 hobgoblins
  4 jackals
  14 kobolds
  3 quokkas
  8 ball pythons
  A ball python skeleton (Ossuary)
  4 bats
  A frilled lizard (D:1)
  A hobgoblin skeleton (Ossuary)
  2 hobgoblin zombies (Ossuary)
  A kobold zombie (Ossuary)
  An orc zombie (Ossuary)
  2 rats (D:1)
229 creatures vanquished.

Vanquished Creatures (others)
  4 fungi (D:6)
4 creatures vanquished.

Grand Total: 233 creatures vanquished

Notes
Turn   | Place    | Note
-------+----------+-------------------------------------------
     0 | D:1      | Pimp the Demonspawn Fighter began the quest for the Orb.
     0 | D:1      | Reached XP level 1. HP: 18/18 MP: 1/1
   401 | D:1      | Found Uxke's Book Boutique.
   447 | D:1      | Gained mutation: You have large cloven feet. [demonic
                  | ancestry]
   447 | D:1      | Reached XP level 2. HP: 19/24 MP: 2/2
   868 | D:2      | Reached XP level 3. HP: 29/29 MP: 3/3
  1235 | D:3      | Found a hide-covered altar of Uskayaw.
  1236 | D:3      | Found a shimmering blue altar of Sif Muna.
  1238 | D:3      | Found an opulent altar of Gozag.
  1238 | D:3      | Found a snail-covered altar of Cheibriados.
  1239 | D:3      | Found a shadowy altar of Dithmenos.
  1239 | D:3      | Found a blossoming altar of Fedhas.
  1243 | D:3      | Found an iron altar of Okawaru.
  1244 | D:3      | Found an ancient bone altar of Kikubaaqudgha.
  1244 | D:3      | Found a basalt altar of Yredelemnul.
  1245 | D:3      | Found a sparkling altar of Nemelex Xobeh.
  1254 | D:3      | Became a worshipper of Gozag Ym Sagoz the Greedy
  1355 | D:3      | Found a shimmering altar of Xom.
  1435 | D:3      | Gained mutation: You have hoof-like feet. [demonic
                  | ancestry]
  1435 | D:3      | Reached XP level 4. HP: 15/35 MP: 4/4
  1895 | D:4      | Found a sand-covered staircase.
  1896 | D:4      | Noticed Edmund
  1901 | Ossuary  | Entered an ossuary
  1983 | Ossuary  | Reached XP level 5. HP: 42/42 MP: 5/5
  2030 | Ossuary  | Noticed a wraith
  2030 | Ossuary  | Noticed a flying skull
  2042 | Ossuary  | Noticed a wraith
  2056 | Ossuary  | Killed a wraith
  2057 | Ossuary  | Reached skill level 4 in Fighting
  2057 | Ossuary  | Gained mutation: Spells you cast may paralyse adjacent
                  | enemies. [demonic ancestry]
  2057 | Ossuary  | Reached XP level 6. HP: 26/48 MP: 6/6
  2095 | Ossuary  | Noticed a flying skull
  2223 | Ossuary  | Noticed a flying skull
  2230 | Ossuary  | Noticed a wraith
  2246 | Ossuary  | Killed a wraith
  2366 | Ossuary  | Noticed a flying skull
  2420 | D:4      | Killed Edmund
  2421 | D:4      | Gained mutation: You sometimes gain a little power by
                  | taking damage. [demonic ancestry]
  2421 | D:4      | Reached XP level 7. HP: 22/55 MP: 7/7
  2557 | D:4      | Reached skill level 5 in Fighting
  2571 | D:4      | Found an ornate altar of the Wu Jian Council.
  2669 | D:4      | Identified the ring "Sumiv" {Fire Int+3 Slay+3}
  3212 | D:5      | Entered Level 5 of the Dungeon
  3418 | D:5      | Reached skill level 5 in Armour
  3496 | D:5      | Reached skill level 5 in Shields
  3496 | D:5      | Reached XP level 8. HP: 51/63 MP: 8/8
  4049 | D:5      | Reached skill level 5 in Axes
  4050 | D:5      | Reached skill level 6 in Fighting
  4408 | D:1      | Bought Xafosmil's Atlas of Contamination and Unholy Rites
                  | for 528 gold pieces
  4417 | D:1      | Learned a level 7 spell: Haunt
  4815 | D:6      | Noticed Blork the orc
  4825 | D:6      | Killed Blork the orc
  4923 | D:6      | Reached skill level 1 in Necromancy
  4981 | D:6      | Reached skill level 1 in Summonings
  5043 | D:6      | Reached skill level 1 in Spellcasting
  5219 | D:6      | Gained mutation: Spells you cast may paralyse nearby
                  | enemies. [demonic ancestry]
  5219 | D:6      | Reached XP level 9. HP: 70/70 MP: 10/10
  5859 | D:6      | Found a runed translucent door.
  5860 | D:6      | Noticed Crazy Yiuf
  5868 | D:6      | Killed Crazy Yiuf
  6382 | D:7      | Found a staircase to the Ecumenical Temple.
  7007 | D:8      | Reached skill level 7 in Fighting
  7071 | D:8      | Noticed an orange demon
  7071 | D:8      | Noticed Amaemon
  7082 | D:8      | Killed an orange demon
  7083 | D:8      | Killed Amaemon
  7084 | D:8      | Gained mutation: You have hooves in place of feet. [demonic
                  | ancestry]
  7084 | D:8      | Reached XP level 10. HP: 79/79 MP: 14/14
  7189 | D:8      | Noticed Psyche
  7194 | D:8      | Killed Psyche
  7406 | D:8      | Noticed Joseph
  7415 | D:8      | Killed Joseph
  7611 | D:9      | Noticed Pikel
  7623 | D:9      | Killed Pikel
  7638 | D:9      | Found Vadiyg's Fire Supplies.
  7695 | D:9      | Found a sacrificial altar of Ru.
  7817 | D:9      | Noticed a two-headed ogre
  7822 | D:9      | Killed a two-headed ogre
  7912 | D:9      | Reached skill level 5 in Necromancy
  8183 | D:10     | Entered Level 10 of the Dungeon
  8208 | D:10     | Noticed a two-headed ogre
  8217 | D:10     | Killed a two-headed ogre
  8218 | D:10     | Gained mutation: You sometimes gain power by taking damage.
                  | [demonic ancestry]
  8218 | D:10     | Reached XP level 11. HP: 80/86 MP: 17/17
  8221 | D:10     | Reached skill level 8 in Fighting
  8623 | D:11     | Reached skill level 5 in Summonings
  8638 | D:11     | Found a staircase to the Lair.
  8658 | D:11     | Noticed a two-headed ogre
  8669 | D:11     | HP: 3/86 [two-headed ogre/+0 giant club (7)]
  8670 | D:11     | Slain by a two-headed ogre

Illustrated notes

Levels and vault maps discovered:
D:1:      onia_arrival_pentagram, layout_loops_ring, serial_shops,
          nicolae_square_shop, minivault_14, item_on_display_a
D:2:      layout_rooms, solitary_fountain
D:3:      layout_rooms, nicolae_overflows_in_rows, pf_just_have_faith
D:4:      layout_loops_ring, nicolae_wu_jian_wuxing_cycle,
          nicolae_ossuary_entry_monument, uniq_edmund
D:5:      layout_basic, grunt_ministairs_14
D:6:      layout_gridville, uniq_crazy_yiuf_cottage, uniq_blork_the_orc
D:7:      layout_basic, temple_pool_b, chequers_serial_rivers_large_b
D:8:      layout_basic, uniq_joseph, uniq_psyche, uniq_amaemon
D:9:      layout_basic, nicolae_ru_the_path_less_chosen, serial_glass,
          glass_columns_b, glass_columns_c, nicolae_shop_fire_sale
          [nicolae_sub_dead_trees], uniq_pikel
D:10:     layout_cave_pools
D:11:     cheibrodos_fzero, layout_long_grid, hellmonk_lair_entry_icy,
          special_room [special_room_bee], hangedman_ranch

Skill      XL: |  1  2  3  4  5  6  7  8  9 10 11 |
---------------+----------------------------------+-----
Axes           | 2 3 4 5 6 7 |  7.2
Armour         | 3 4 5 6 7 |  7.5
Shields        | 3 4 5 6 7 |  7.5
Fighting       | 4 5 6 7 8 |  8.2
Necromancy     | 1 3 5 |  5.8
Summonings     | 1 3 4 5 |  5.1
Spellcasting   | 1 3 4 |  4.8

Action                     |  1- 3 |  4- 6 |  7- 9 | 10-12 || total
---------------------------+-------+-------+-------+-------++-------
  Melee: War axe           |   109 |    82 |   246 |   111 ||   548
         Kick              |     4 |       |       |    43 ||    47
    Use: Potion            |       |     5 |       |     3 ||     8
         Scroll            |       |    16 |     6 |       ||    22
   Stab: Distracted        |       |       |       |     2 ||     2
 Armour: Scale mail        |    64 |    61 |   157 |    56 ||   338
         Skin              |       |     5 |       |     2 ||     7
  Dodge: Dodged            |    64 |    35 |    88 |    47 ||   234
         Repelled          |       |       |       |     1 ||     1
  Block: Buckler           |    30 |    36 |   101 |    55 ||   222

Table legend: (Time is in decaauts)
 A = Elapsed time spent in this place.
 B = Non-inter-level travel time spent in this place.
 C = Inter-level travel time spent in this place.
 D = Time resting spent in this place.
 E = Time spent auto-exploring this place.
 F = Levels seen in this place.
 G = Mean time per level.
                   A        B        C        D        E       F      G
               +--------+--------+--------+--------+--------+-----+--------+
         Total |   8926 |   8114 |    812 |    640 |   5456 |  12 |  743.8 |
       Dungeon |   8340 |   7528 |    812 |    376 |   5432 |  11 |  758.2 |
       Ossuary |    586 |    586 |      0 |    264 |     24 |   1 |  586.0 |
               +--------+--------+--------+--------+--------+-----+--------+

Top non-repeatable levels by time:
     D:6: 1288 daAuts
     D:5: 1117 daAuts
     D:7: 942 daAuts
     D:4: 933 daAuts
     D:1: 899 daAuts
     D:3: 829 daAuts
     D:8: 690 daAuts
     D:9: 635 daAuts
 Ossuary: 586 daAuts
     D:2: 505 daAuts
    D:10: 439 daAuts
    D:11: 57 daAuts
